 Dungeon Crawl Stone Soup version 0.22.0-1-g6561e4c (webtiles) character file.

620 magipi the Shooter (level 7, 0/43 HPs)
             Began as a Gargoyle Arcane Marksman on Aug 12, 2018.
             Slain by a worker ant (4 damage)
             ... on level 4 of the Dungeon.
             The game lasted 00:13:32 (3582 turns).

magipi the Shooter (Gargoyle Arcane Marksman)       Turns: 3582, Time: 00:13:32

Health: 0/43       AC: 13    Str: 14    XL:     7   Next: 46%
Magic:  8/8        EV:  6    Int: 15    God:
Gold:   97         SH:  0    Dex: 10    Spells: 7/8 levels left

rFire    . . .     SeeInvis .   b - +2 short sword (venom)
rCold    . . .     Gourm    .   (no shield)
rNeg     + . .     Faith    .   h - +0 chain mail
rPois    ∞         Spirit   .   (no helmet)
rElec    +         Reflect  .   q - +0 cloak
rCorr    .         Harm     .   (no gloves)
MR       .....                  (no boots)
Stlth    ..........             (no amulet)
HPRegen  0.14/turn              (no ring)
MPRegen  0.11/turn              (no ring)

@: no status effects
A: negative energy resistance 1, electricity resistance, unbreathing,
petrification resistance, rot immunity, AC +4
a: no special abilities


You were on level 4 of the Dungeon.
You were not hungry.

You visited 2 branches of the dungeon, and saw 5 of its levels.

You collected 97 gold pieces.

Inventory:

Hand Weapons
 a - a +0 shortbow
 b - a +2 short sword of venom (weapon)
   (You took it off a kobold on level 1 of the Dungeon)
 m - a +0 dagger
   (You found it on level 1 of the Dungeon)
Missiles
 d - 27 arrows
Armour
 h - a +0 chain mail (worn)
   (You found it on level 1 of the Dungeon)
 l - a cursed +0 robe
   (You found it on level 1 of the Dungeon)
 q - a +0 cloak (worn)
   (You found it on level 2 of the Dungeon)
Jewellery
 e - an uncursed ring of resist corrosion {unknown}
   (You found it on level 1 of the Dungeon)
 n - an uncursed ring of wizardry {unknown}
   (You found it on level 1 of the Dungeon)
Wands
 s - a wand of polymorph (1)
   (You took it off Natasha on level 2 of the Dungeon)
Scrolls
 c - 3 scrolls of identify
 p - a scroll of immolation
 r - a scroll of magic mapping
 u - a scroll of teleportation
Potions
 g - a potion of heal wounds {unknown}
 j - 2 potions of lignification {unknown}
 o - 3 potions of might
 t - a potion of cancellation {unknown}
 v - a potion of mutation {unknown}
Comestibles
 f - 4 rations
 i - 2 chunks of flesh


   Skills:
 + Level 4.1 Fighting
 + Level 7.1 Bows
 - Level 1.5 Dodging
 - Level 1.0 Spellcasting
 - Level 2.6 Hexes


You had 7 spell levels left.
You knew the following spells:

 Your Spells              Type           Power        Failure   Level  Hunger
a - Corona                Hex            #......      94%         1    ##.....

Your spell library contained the following spells:

 Spells                   Type           Power        Failure   Level  Hunger
 Cause Fear               Hex            #.........   100%        4    #####..
 Slow                     Hex            #.......     98%         2    ###....
 Portal Projectile        Hex/Tloc       #.....       100%        3    ####...
 Leda's Liquefaction      Hex/Erth       #.........   100%        4    #####..
 Inner Flame              Hex/Fire       #.......     100%        3    ####...


Dungeon Overview and Level Annotations

Branches:
Dungeon (4/15)             Temple (1/1) D:4

Altars:
Ashenzari
Cheibriados
Dithmenos
Fedhas
Gozag
Hepliaklqana
Kikubaaqudgha
Makhleb
Nemelex Xobeh
Okawaru
Qazlal
Ru
Trog
Vehumet
Wu Jian
Xom


Innate Abilities, Weirdness & Mutations

You are resistant to torment.
Your stone body is resilient. (AC +4)
You are immune to poison.
You resist negative energy. (rN+)
You are resistant to electric shocks. (rElec)
You can survive without breathing.
You are immune to petrification.
You are immune to rotting.


Message History

a scythe; a robe; the human corpse of Sigmund
d - 20 arrows (gained 1)
d - 21 arrows (gained 1)
d - 22 arrows (gained 1)
d - 24 arrows (gained 2)
d - 25 arrows (gained 1)
Found a staircase to the Ecumenical Temple.
There is a staircase to the Ecumenical Temple here.
You climb downwards.
Welcome to the Ecumenical Temple!
Found three altars.
There is a staircase back to the Dungeon here.
Found a stormy altar of Qazlal and a radiant altar of Vehumet.
Found a hazy altar of Hepliaklqana.
Found a bloodstained altar of Trog.
Found an opulent altar of Gozag.
Found a snail-covered altar of Cheibriados.
Found a shimmering altar of Xom.
Found a sacrificial altar of Ru.
Found a shadowy altar of Dithmenos.
Found a burning altar of Makhleb.
(D) Dungeon (T) Temple
Where to? (Enter - D:3 @ (x,y), ? - help)
What level of the Dungeon? (default 4, ? - help)
There is a staircase back to the Dungeon here.
You climb upwards.
Welcome back to the Dungeon!
There is a staircase to the Ecumenical Temple here.
All of the chunks of flesh in your inventory have rotted away.
An adder skeleton comes into view.
The adder skeleton bites you but does no damage.
You hit the adder skeleton.
The adder skeleton is heavily damaged.
The adder skeleton bites you.
Your chain mail prevents you from hitting the adder skeleton.
The adder skeleton is heavily damaged.
The adder skeleton bites you but does no damage.
You hit the adder skeleton.
The adder skeleton is severely damaged.
The adder skeleton barely misses you.
The adder skeleton bites you but does no damage.
You hit the adder skeleton.
You destroy the adder skeleton!
You are feeling hungry.
Okay, then.
Things that are here:
a robe; a scythe; the human corpse of Sigmund
d - 27 arrows (gained 2)
You see here a club.
Things that are here:
a robe; a scythe; the human corpse of Sigmund
Things that are here:
a robe; a scythe; the human corpse of Sigmund You butcher the human corpse of Sigmund.
i - 3 chunks of flesh
Things that are here:
a robe; a scythe Eat one of 3 chunks of flesh? (ye/n/q)
You eat one of the 3 chunks of flesh.
This raw flesh tastes terrible.
Found a club.
A gnoll comes into view. It is wielding a morningstar.
The gnoll shouts!
The gnoll throws a throwing net.
The throwing net hits you.
You become entangled in the net!
You see here a throwing net.
You tear a large gash into the net.
A gnoll comes into view. It is wielding a spear.
You struggle against the net.
A gnoll comes into view. It is wielding a halberd.
You rip the net and break free!
You hit the gnoll.
The gnoll is poisoned.
The gnoll is lightly wounded.
The gnoll completely misses you.
You hit the gnoll but do no damage.
The gnoll looks as sick as possible!
The gnoll is moderately wounded.
The gnoll hits you with a morningstar.
You hit the gnoll.
The gnoll is heavily wounded.
The gnoll hits you from afar with a halberd.
The gnoll hits you with a morningstar.
You hit the gnoll.
You kill the gnoll!
The gnoll hits you from afar with a halberd!
The gnoll hits you but does no damage. The gnoll hits you with a halberd.
You see here a morningstar.
You closely miss the gnoll. The gnoll hits you but does no damage.
You barely miss the gnoll. The gnoll hits you with a halberd.
* * * LOW HITPOINT WARNING * * *
The gnoll hits you from afar with a spear.
* * * LOW HITPOINT WARNING * * *
The gnoll hits you but does no damage.
A gnoll comes into view. It is wielding a flail of protection.
The gnoll shouts!
The worker ant bites you.
* * * LOW HITPOINT WARNING * * *
The worker ant closely misses you.
The worker ant bites you but does no damage.
There is a stone staircase leading up here.
The gnoll hits you from afar with a halberd.
* * * LOW HITPOINT WARNING * * *
The worker ant bites you.
You die...

*,,,,,** **,,* **,,,,,****,,,*
**,,,,,,**,,,** **,,,,,****,,**
##### ***,,,* **,,* #...### **,,*
**,, >.....########### *,,* **,
.)).)..)........## *,,* **
####............@# *,,* * #
##########..)a# *,,* ##.g.# *,,*
###..g# *,,* ####...g.## **,,*
###.).......# *,.,** ##
##...........####..,,*
.#####..[.#####...........##*****
........### #.............,,,,,


You could see a worker ant and 3 gnolls.

Vanquished Creatures
  Sigmund (D:4)
  Blork the orc (D:4)
  A scorpion (D:3)
  An orc wizard (D:4)
  Natasha (thrice) (D:2)
  Terence (D:2)
  6 adders
  7 gnolls
  2 adder skeletons
  2 worms (D:2)
  A dart slug (D:1)
  2 leopard geckos
  7 orcs
  A giant cockroach (D:3)
  4 goblins
  7 hobgoblins
  9 jackals
  2 quokkas
  A ball python (D:1)
  12 bats
  7 frilled lizards
  9 kobolds
  7 rats
94 creatures vanquished.

Notes
Turn   | Place    | Note
-------+----------+-------------------------------------------
     0 | D:1      | magipi the Gargoyle Arcane Marksman began the quest for the Orb.
     0 | D:1      | Reached XP level 1. HP: 12/12 MP: 2/2
   317 | D:1      | Found a shattered altar of Ashenzari.
   366 | D:1      | Reached XP level 2. HP: 16/16 MP: 3/3
   473 | D:1      | Reached skill level 3 in Bows
   889 | D:2      | Noticed Natasha
   908 | D:2      | Noticed a crimson imp
   909 | D:2      | Killed Natasha
   909 | D:2      | Reached XP level 3. HP: 20/20 MP: 4/4
   995 | D:2      | Reached skill level 4 in Bows
   997 | D:2      | Reached XP level 4. HP: 25/25 MP: 5/5
  1337 | D:2      | Reached skill level 5 in Bows
  1391 | D:2      | Reached XP level 5. HP: 29/29 MP: 6/6
  1448 | D:2      | Noticed Natasha
  1469 | D:2      | Killed Natasha
  1538 | D:2      | Noticed Natasha
  1555 | D:2      | Killed Natasha
  1751 | D:2      | Noticed Terence
  1771 | D:2      | Killed Terence
  1878 | D:3      | Reached skill level 6 in Bows
  1962 | D:3      | Reached XP level 6. HP: 34/34 MP: 7/7
  2634 | D:3      | Found a blossoming altar of Fedhas.
  2652 | D:3      | Found a sparkling altar of Nemelex Xobeh.
  3105 | D:4      | Noticed Blork the orc
  3219 | D:4      | Killed Blork the orc
  3219 | D:4      | Reached XP level 7. HP: 28/41 MP: 8/8
  3347 | D:4      | Noticed Sigmund
  3377 | D:4      | Killed Sigmund
  3377 | D:4      | Reached skill level 7 in Bows
  3400 | D:4      | Found a staircase to the Ecumenical Temple.
  3407 | Temple   | Entered the Ecumenical Temple
  3582 | D:4      | Slain by a worker ant

Skill      XL: |  1  2  3  4  5  6  7 |
---------------+----------------------+-----
Bows           | 3 4 5 6 7 |  7.1
Fighting       | 3 4 |  4.1
Dodging        | |  1.5
Spellcasting   | |  1.0
Hexes          | |  2.6

Action                   |  1- 3 |  4- 6 |  7- 9 || total
-------------------------+-------+-------+-------++-------
Melee: Short sword       |    14 |   231 |    19 ||   264
       Dagger            |     7 |       |       ||     7
 Fire: Shortbow          |    45 |    47 |    10 ||   102
  Use: Scroll            |       |     6 |       ||     6
       Potion            |       |       |     1 ||     1
  Eat: Chunk             |       |     8 |     1 ||     9
Armor: Robe              |     4 |       |       ||     4
       Chain mail        |    14 |   201 |    13 ||   228
       Skin              |     7 |    12 |       ||    19
Dodge: Dodged            |    13 |    85 |     3 ||   101

Action                   |  1- 3 |  4- 6 |  7- 9 || total
-------------------------+-------+-------+-------++-------
Melee: Short sword       |    14 |   231 |    19 ||   264
       Dagger            |     7 |       |       ||     7
 Fire: Shortbow          |    45 |    47 |    10 ||   102
  Use: Scroll            |       |     6 |       ||     6
       Potion            |       |       |     1 ||     1
  Eat: Chunk             |       |     8 |     1 ||     9
Armor: Robe              |     4 |       |       ||     4
       Chain mail        |    14 |   201 |    13 ||   228
       Skin              |     7 |    12 |       ||    19
Dodge: Dodged            |    13 |    85 |     3 ||   101
